 Dungeon Crawl Stone Soup version 0.23.2-1-ga50397a (webtiles) character file.

Game seed: 2908879343723866042

104 teukkam the Shield-Bearer (level 4, -2/41 HPs)
             Began as a Minotaur Fighter on May 24, 2019.
             Was a Follower of Yredelemnul.
             Slain by an orc priest
             ... wielding a +0 trident
              (3 damage)
             ... on level 2 of the Dungeon.
             The game lasted 00:05:54 (1253 turns).

teukkam the Shield-Bearer (Minotaur Fighter)        Turns: 1253, Time: 00:05:55

Health: -2/41      AC:  7    Str: 27    XL:     4   Next: 52%
Magic:  3/4        EV:  7    Int:  5    God:    Yredelemnul [*.....]
Gold:   100        SH: 10    Dex:  9    Spells: 3/3 levels left

rFire    + . .     SeeInvis .   a - +0 war axe
rCold    + . .     Gourm    .   c - +0 shield
rNeg     . . .     Faith    .   b - +0 scale mail
rPois    +         Spirit   .   (helmet restricted)
rElec    +         Reflect  .   (no cloak)
rCorr    +         Harm     .   (no gloves)
MR       .....                  (no boots)
Stlth    ..........             (no amulet)
HPRegen  0.13/turn              (no ring)
MPRegen  0.09/turn              (no ring)

@: mighty, resistant
A: retaliatory headbutt, horns 2
a: Animate Remains, Renounce Religion


You were on level 2 of the Dungeon.
You worshipped Yredelemnul.
Yredelemnul was aware of your devotion.
You were not hungry.

You visited 1 branch of the dungeon, and saw 2 of its levels.

You collected 100 gold pieces.

Inventory:

Hand Weapons
 a - a +0 war axe (weapon)
 k - a +1 dagger of flaming
Missiles
 q - 19 sling bullets
Armour
 b - a +0 scale mail (worn)
 c - a +0 shield (worn)
Jewellery
 o - an uncursed ring of fire
 s - an uncursed amulet of rage {unknown}
Scrolls
 e - a scroll of immolation {unknown}
 i - a scroll of identify {unknown}
 l - a scroll of enchant armour {unknown}
 m - a scroll of blinking {unknown}
 n - a scroll of noise {unknown}
 p - a scroll of remove curse {unknown}
Potions
 j - a potion of cancellation {unknown}
 r - a potion of brilliance {unknown}
Comestibles
 f - 5 rations
 g - a chunk of flesh


   Skills:
 + Level 4.3 Fighting
 + Level 3.3 Axes
 + Level 4.3 Armour
 + Level 4.3 Shields
 + Level 1.5 Invocations


You had 3 spell levels left.
You didn't know any spells.
Your spell library was empty.

Dungeon Overview and Level Annotations

Branches:
Dungeon (2/15)

Altars:
Yredelemnul


Innate Abilities, Weirdness & Mutations

You reflexively headbutt those who attack you in melee.
You have a pair of horns on your head.


Message History

Your quokka zombie bites the orc priest.
The orc priest hits you but does no damage.
You feel very mighty all of a sudden.
You feel less confused. Something hits you.
* * * LOW HITPOINT WARNING * * *
Your kobold zombie closely misses something.
Your quokka zombie barely misses the orc priest.
You block the orc priest's attack.
You closely miss something. Something hits you but does no damage.
Your quokka zombie bites the orc priest.
Your kobold zombie hits something with a +0 whip.
Yredelemnul accepts your kill.
Reactivating autopickup.
You feel a bit more experienced.
The orc priest hits you from afar with a +0 trident.
* * * LOW HITPOINT WARNING * * *
Your quokka zombie closely misses the orc priest.
The orc priest hits you with a +0 trident.
You die...
Your body rises from the dead as a mindless zombie.

.. #.# .# ## #. .. ....
#.# ####.# .#. ##.####
#..... .. >....#
#.....###. #....#
#......#.##+#####....#
#......#.#.....##....###
#.....o@Z#.....#........
#...###Z†#.....#...#.###
## # #ZZ#.......#...###
.## #..#Z..[..###....#
..# ##.#..ZZ..#)#.##..
#.## #..#'##.).....##.
#..# ###
#..#.#ZZ##.#.##.. ##.#
##.## #....#.##........
#.#
##...###.#..#..##.#[#...


You could see an orc priest, a friendly quokka zombie, a friendly kobold zombie,
a friendly frilled lizard skeleton and a friendly hobgoblin skeleton.

Vanquished Creatures
  4 adders (D:2)
  2 worms (D:2)
  An orc (D:2)
  A ball python (D:2)
  A giant cockroach (D:1)
  9 hobgoblins
  5 jackals
  3 kobolds
  A quokka (D:2)
  4 bats
  5 frilled lizards
  5 goblins
  3 rats
44 creatures vanquished.

Vanquished Creatures (collateral kills)
  An orc wizard (D:2)
  A goblin (D:2)
  A bat (D:2)
3 creatures vanquished.

Vanquished Creatures (others)
  A bat skeleton (D:2)
1 creature vanquished.

Grand Total: 48 creatures vanquished

Notes
Turn   | Place    | Note
-------+----------+-------------------------------------------
     0 | D:1      | teukkam the Minotaur Fighter began the quest for the Orb.
     0 | D:1      | Reached XP level 1. HP: 19/19 MP: 0/0
   115 | D:2      | Found a basalt altar of Yredelemnul.
   122 | D:2      | Became a worshipper of Yredelemnul the Dark
   197 | D:1      | Reached XP level 2. HP: 26/27 MP: 1/1
   731 | D:2      | Reached XP level 3. HP: 29/33 MP: 2/2
   742 | D:2      | Reached skill level 1 in Invocations
  1017 | D:2      | Reached * piety under Yredelemnul
  1030 | D:2      | Reached XP level 4. HP: 29/40 MP: 3/3
  1252 | D:2      | HP: 1/41 [orc priest/+0 trident (6)]
  1253 | D:2      | Slain by an orc priest

Skill      XL: |  1  2  3 |
---------------+----------+-----
Armour         | 4 |  4.3
Shields        | 4 |  4.3
Fighting       | 4 |  4.3
Axes           | 3 |  3.3
Invocations    | 1 |  1.5

Action                   |  1- 3 |  4- 6 || total
-------------------------+-------+-------++-------
Melee: War axe           |    98 |    24 ||   122
       Headbutt          |    13 |     7 ||    20
Invok: Animate Remains   |       |     5 ||     5
  Use: Potion            |       |     2 ||     2
 Stab: Distracted        |     1 |       ||     1
  Eat: Chunk             |       |     3 ||     3
Armor: Scale mail        |    49 |    20 ||    69
Dodge: Dodged            |    23 |     8 ||    31
Block: Shield            |    46 |    13 ||    59
